 Dungeon Crawl Stone Soup version 0.31-a0-940-gdaa99269f9 (webtiles) character file.

Game seed: 15664730971976290926

2 Azuregosa the Sneak (level 1, -3/16 HPs)
             Began as an Octopode Delver on Oct 20, 2023.
             Slain by a worm (9 damage)
             ... on level 5 of the Dungeon.
             The game lasted 00:00:42 (38 turns).

Azuregosa the Sneak (Octopode Delver)                 Turns: 38, Time: 00:00:42

Health: -3/16      AC:  1    Str: 11    XL:     1   Next: 40%
Magic:  1/1        EV: 13    Int: 12    God:
Gold:   0          SH:  0    Dex: 13    Spells: 0/0 levels left

rFire   . .          .
                       - Unarmed
rCold   . . .        (no shield)
rNeg    . . .        (helmet restricted)
rPois   .            (no amulet)
rElec   .            (no ring)
rCorr   .            (no ring)
SInv    .            (no ring)
Will    .....        (no ring)
Stlth   +++++        (no ring)
HPRegen 0.22/turn    (no ring)
MPRegen 0.07/turn    (no ring)
                     (no ring)

%: no passive effects
@: no status effects
A: almost no armour, amphibious, 8 rings, camouflage 1, gelatinous body 1,
nimble swimmer 1, tentacles
a: no special abilities


You were on level 5 of the Dungeon.
You visited 1 branch of the dungeon, and saw 1 of its levels.

Inventory:

Wands
 e - a wand of digging (3)
Scrolls
 a - a scroll of fog
 c - a scroll of fear
Potions
 d - a potion of haste


   Skills:
 - Level 3.0 Fighting
 + Level 2.2 Dodging
 - Level 6.6 Stealth
 - Level 2.0 Unarmed Combat


You couldn't memorise any spells.
You didn't know any spells.
Your spell library was empty.

Dungeon Overview and Level Annotations

Branches:
Dungeon (5/15)             Temple (0/1) D:5

Altars:


Innate Abilities, Weirdness & Mutations

You cannot wear most types of armour.
You are amphibious.
You can wear up to eight rings at the same time.
Your skin changes colour to match your surroundings (Stealth+).
Your rubbery body absorbs attacks. (AC +1, EV +1)
You are camouflaged when in or above water. (Stealth+)
You have tentacles for arms and can constrict up to eight enemies at once.


Message History

Press ? for a list of commands and other information.
Found 2 scrolls labelled MERUJ QANGIMOA and a ring mail.
Found a stone staircase leading down.
As you read the scroll of revelation, it crumbles to dust.
You feel aware of your surroundings.
You sensed 2 shops/portals.
A hound comes into view.
Found 3 stones.
You see here a +0 ring mail.
Found a viscous orange potion.
A white imp comes into view.
Found a scroll labelled KORAISE UFRORCH.
You open the door.
There is an open door here.
You enter the shallow water.
The giant cockroach bites you.
You tentacle-slap the giant cockroach but do no damage.
You grab the giant cockroach. You squeeze the giant cockroach.
You kill the giant cockroach!
You tentacle-slap the giant cockroach. You grab the giant cockroach.
The giant cockroach is almost dead.
You constrict the giant cockroach, but do no damage.
The giant cockroach closely misses you.
You tentacle-slap the giant cockroach.
You kill the giant cockroach!
You tentacle-slap the worm. You grab the worm.
The worm is moderately wounded.
You constrict the worm, but do no damage.
The worm bites you!
Ouch! That really hurt!
You tentacle-slap the worm but do no damage.
The worm is lightly wounded.
You constrict the worm. The worm misses you.
You tentacle-slap the worm.
The worm is heavily wounded.
You constrict the worm, but do no damage.
You tentacle-slap the worm but do no damage.
The worm is heavily wounded.
You constrict the worm. The worm bites you!
Ouch! That really hurt!
You die...

,,,..h.....##...........##**,,***
,,,........##.##.#.......#..,,,,,
***#..........##............,,,,,
###...####..........#...?,,,,,
#....(#>##.###...........,,,,,
##..##?.##...............,,,**
#######.[...+##'......###*,**,
#####..?....#~~#.........,,,,,
######.....##@~##..#....#,,,,,
########...#~†w~#....5..#*,,,,
########...#~~~~#..#....#*,,,,
######.....##~~##..##...#**,,,
######...#..#~~#..##...## *,,,
#.....##++##.......#**,,*
###...#~~∩~#.......#*,,**
###.######..#..!..,,**,
#.........#.....,,*,,


You could see a worm.

Vanquished Creatures
  2 giant cockroaches (D:5)
2 creatures vanquished.

Notes
Turn   | Place    | Note
-------+----------+-------------------------------------------
     0 | D:5      | Azuregosa the Octopode Delver began the quest for the Orb.
     0 | D:5      | Reached XP level 1. HP: 16/16 MP: 1/1
     0 | D:5      | Noticed a hound
    38 | D:5      | Slain by a worm

Illustrated notes

Levels and vault maps discovered:
D:5:      layout_cave_pools, minmay_temple_entry_stoned_glass,
          serial_gnoll_camp, gnoll_camp_mini_doghouse, gnoll_camp_mini_basic,
          gnoll_camp_mini_shop, gnoll_camp_mini_basic, gup_sewer_entry_bowl,
          nrook_uturn, uniq_pikel

Action                     || total
---------------------------++-------
  Melee: Unarmed           ||     7
         Constrict         ||     3
         Tentacles         ||     1
    Use: Scroll            ||     1
 Armour: Skin              ||     3
  Dodge: Dodged            ||     2

Table legend: (Time is in decaauts)
 A = Elapsed time spent in this place.
 B = Non-inter-level travel time spent in this place.
 C = Inter-level travel time spent in this place.
 D = Time resting spent in this place.
 E = Time spent auto-exploring this place.
 F = Levels seen in this place.
 G = Mean time per level.
                   A        B        C        D        E       F      G
               +--------+--------+--------+--------+--------+-----+--------+
         Total |     37 |     37 |      0 |      0 |      0 |   1 |   37.0 |
       Dungeon |     37 |     37 |      0 |      0 |      0 |   1 |   37.0 |
               +--------+--------+--------+--------+--------+-----+--------+

Top non-repeatable levels by time:
     D:5: 37 daAuts
